 Dungeon Crawl Stone Soup version 0.29-a0-575-g0dc89cf053 (webtiles) character file.

Game seed: 2299696209073621131

1376 vulpzor the Ducker (level 8, -7/64 HPs)
             Began as a Gnoll Wanderer on June 11, 2022.
             Was a Believer of Wu Jian.
             Mangled by Duvessa
             ... wielding a +0 short sword
              (17 damage)
             ... on level 6 of the Dungeon on June 12, 2022.
             The game lasted 00:29:15 (5436 turns).

vulpzor the Ducker (Gnoll Wanderer)                 Turns: 5436, Time: 00:29:16

Health: -7/64      AC: 12    Str: 10    XL:     8   Next: 66%
Magic:  13/13      EV: 13    Int: 11    God:    Wu Jian [**....]
Gold:   459        SH:  5    Dex: 16    Spells: 10/13 levels left

rFire   . . .      SeeInvis .   O - +2 halberd (vamp)
rCold   + . .      Faith    .   (shield currently unavailable)
rNeg    . . .      Spirit   .   r - +1 ring mail {rC+}
rPois   .          Reflect  +   I - +2 helmet
rElec   .          Harm     .   y - +0 cloak
rCorr   .          Rampage  .   (no gloves)
Will    .....                   c - +0 pair of boots
Stlth   ++........              J - amulet of reflection
HPRegen 0.20/turn               s - ring of wizardry
MPRegen 0.13/turn               (no ring)

@: no status effects
A: fangs 1, strong nose, distributed training
a: Renounce Religion, Wall Jump


You were on level 6 of the Dungeon.
You worshipped Wu Jian.
Wu Jian was pleased with you.
You visited 2 branches of the dungeon, and saw 7 of its levels.
You also visited: Ossuary.

You collected 459 gold pieces.

Inventory:

Hand Weapons
 a - a +0 trident
 j - a +0 hunting sling
 z - a +2 whip of venom
 O - a +2 vampiric halberd (weapon)
Missiles
 h - 165 stones (quivered)
Armour
 c - a +0 pair of boots (worn)
 e - a +0 leather armour
 o - a +0 plate armour
 p - a +0 scale mail
 r - a +1 ring mail of cold resistance (worn)
 y - a +0 cloak (worn)
 I - a +2 helmet (worn)
Magical Staves
 u - a staff of air
Jewellery
 s - a ring of wizardry (left hand)
 H - a ring of protection from fire
 J - an amulet of reflection (around neck)
Wands
 n - a wand of digging (11)
 N - a wand of acid (9)
Scrolls
 b - 3 scrolls of teleportation
 g - 2 scrolls of fear
 x - a scroll of enchant armour {unknown}
 B - a scroll of brand weapon {unknown}
 C - a scroll of fog {unknown}
 D - 2 scrolls of torment {unknown}
 G - 2 scrolls of magic mapping {unknown}
 K - a scroll of blinking {unknown}
 L - 2 scrolls of enchant weapon {unknown}
 M - 2 scrolls of identify
Potions
 d - a potion of brilliance
 f - 4 potions of degeneration
 i - 7 potions of curing
 k - 2 potions of cancellation {unknown}
 l - 3 potions of haste {unknown}
 m - 2 potions of flight {unknown}
 q - a potion of heal wounds {unknown}
 t - a potion of lignification {unknown}
 v - 4 potions of invisibility
 w - 2 potions of mutation {unknown}
 A - 3 potions of attraction {unknown}
 E - 2 potions of ambrosia {unknown}
 F - 2 potions of might {unknown}


   Skills:
 + Level 5.8 Fighting
 + Level 3.4 Short Blades
 + Level 3.4 Long Blades
 + Level 3.4 Axes
 + Level 3.4 Maces & Flails
 + Level 7.5 Polearms
 + Level 3.4 Staves
 + Level 3.4 Slings
 + Level 3.4 Bows
 + Level 3.4 Crossbows
 + Level 3.4 Throwing
 + Level 4.4 Armour
 + Level 7.5 Dodging
 + Level 3.4 Stealth
 + Level 3.4 Shields
 + Level 4.4 Unarmed Combat
 + Level 3.4 Spellcasting
 + Level 2.8 Conjurations
 + Level 2.8 Hexes
 + Level 2.8 Summonings
 + Level 2.8 Necromancy
 + Level 2.8 Translocations
 + Level 2.8 Transmutations
 + Level 2.8 Fire Magic
 + Level 2.8 Ice Magic
 + Level 2.8 Air Magic
 + Level 2.8 Earth Magic
 + Level 2.8 Poison Magic
 + Level 3.8 Invocations
 + Level 3.4 Evocations


You had 10 spell levels left.
You knew the following spells:

 Your Spells              Type           Power      Damage    Failure   Level
a - Frozen Ramparts       Ice            16%        1d3       22%         3

Your spell library contained the following spells:

 Spells                   Type           Power      Damage    Failure   Level
 Ice Form                 Ice/Tmut       8%         N/A       56%         4
 Summon Ice Beast         Ice/Summ       8%         N/A       56%         4


Dungeon Overview and Level Annotations

Branches:
Dungeon (6/15)             Temple (1/1) D:4         Ossuary (visited)

Altars:
Ashenzari
Cheibriados
Dithmenos
Elyvilon
Gozag
Hepliaklqana
Kikubaaqudgha
Makhleb
Nemelex Xobeh
Okawaru
Qazlal
Ru
Sif Muna
Uskayaw
Wu Jian
Xom
Yredelemnul
The Shining One

Annotations:
D:6 Duvessa


Innate Abilities, Weirdness & Mutations

You have very sharp teeth.
Your uncanny sense of smell can sniff out nearby items.
Your experience applies equally to all skills.


Message History

Dowan zaps a wand.
The puff of flame hits you! Something hits you.
You hit Dowan but do no damage.
Dowan is almost dead.
Dowan hits you but does no damage. Something hits you.
You barely miss Dowan.
Dowan is almost dead.
Dowan zaps a wand.
The puff of flame reflects off an invisible shield around you!
The puff of flame hits Dowan!
You kill Dowan!
The Council accepts your kill.
Something screams in rage.
Something hits you.
You closely miss something. Something barely misses you. Something hits you!
You closely miss something. Something hits you! Something hits you.
* * * LOW HITPOINT WARNING * * *
As you read the scroll of teleportation, it crumbles to dust.
You feel strangely unstable. Something hits you.
* * * LOW HITPOINT WARNING * * *
Unknown command.
You feel better. Something completely misses you. Something barely misses you.
You miss something.
Your surroundings suddenly seem different.
A bullfrog comes into view.
Found a scroll labelled BYIJIP ILAE.
Found two stone staircases leading down.
The bullfrog croaks.
An adder comes into view.
You hear a shout!
A howler monkey comes into view.
The bullfrog closely misses you.
You hear a shout!
You block the bullfrog's attack.
There is a stone staircase leading up here.
Something hits you.
* * * LOW HITPOINT WARNING * * *
The bullfrog hits you.
* * * LOW HITPOINT WARNING * * *
Something hits you!
You die...

#### #..# ...##..# ###
#..#h.# ..# #....#
..### #....##....#
##.....># ∆ ##..>....#
#..F.###.....?. ##.@.#
###.... #
#......###....
#.###...##.......#
.......#####....##
#....#........#..####
#(...).##..........#
#...##......# .... ∆
#...$........###.# .
......#.......[..#####.


You could see a bullfrog and a howler monkey (wandering).

Vanquished Creatures
  A water moccasin (D:5)
  A centaur (D:5)
  2 phantoms
  3 elf skeletons (D:5)
  A gnoll sergeant (D:5)
  2 scorpions
  Dowan (D:6)
  A howler monkey (D:4)
  2 hounds
  A jelly (D:5)
  A gnoll shaman (D:6)
  A human zombie (D:5)
  3 iguanas
  8 mummies (Ossuary)
  5 adders
  11 gnolls
  A shadow imp (D:5)
  An ufetubus (D:4)
  4 worms
  3 dart slugs
  15 orcs
  7 endoplasms
  2 goblins
  10 jackals
  5 kobolds
  5 quokkas
  8 ball pythons
  A bat (D:2)
  5 frilled lizards
  4 hobgoblin zombies (Ossuary)
  3 kobold zombies (Ossuary)
  An orc skeleton (D:5)
  2 orc zombies
  4 rats
125 creatures vanquished.

Vanquished Creatures (others)
  7 plants (D:3)
  A withered plant (D:4)
8 creatures vanquished.

Grand Total: 133 creatures vanquished

Notes
Turn   | Place    | Note
-------+----------+-------------------------------------------
     0 | D:1      | vulpzor the Gnoll Wanderer began the quest for the Orb.
     0 | D:1      | vulpzor set off with the following items: a +0 trident, a
                  | scroll of teleportation, a +0 pair of boots, a potion of
                  | brilliance, a +0 leather armour
     0 | D:1      | Reached XP level 1. HP: 20/20 MP: 1/1
    71 | D:1      | Upgraded the game from 0.29-a0-563-g64e4043184 to
                  | 0.29-a0-575-g0dc89cf053
   504 | D:1      | Found a faded altar of an unknown god.
   514 | D:1      | Reached XP level 2. HP: 25/26 MP: 2/2
   537 | D:1      | Prayed at the altar of an unknown god.
   537 | D:1      | Became a worshipper of Uskayaw the Reveller
   537 | D:1      | Reached * piety under Uskayaw
  1029 | D:2      | Reached ** piety under Uskayaw
  1115 | D:2      | Reached XP level 3. HP: 31/31 MP: 3/3
  1190 | D:2      | Learned a level 3 spell: Frozen Ramparts
  1234 | D:2      | Reached skill level 1 in Invocations
  1681 | D:3      | Reached skill level 1 in Short Blades
  1681 | D:3      | Reached skill level 1 in Long Blades
  1681 | D:3      | Reached skill level 1 in Axes
  1681 | D:3      | Reached skill level 1 in Maces & Flails
  1681 | D:3      | Reached skill level 1 in Staves
  1681 | D:3      | Reached skill level 1 in Slings
  1681 | D:3      | Reached skill level 1 in Bows
  1681 | D:3      | Reached skill level 1 in Crossbows
  1681 | D:3      | Reached skill level 1 in Throwing
  1681 | D:3      | Reached skill level 1 in Stealth
  1681 | D:3      | Reached skill level 1 in Shields
  1681 | D:3      | Reached skill level 1 in Spellcasting
  1681 | D:3      | Reached skill level 1 in Evocations
  1681 | D:3      | Reached XP level 4. HP: 31/38 MP: 5/5
  1684 | D:3      | Reached *** piety under Uskayaw
  1999 | D:3      | Found an ornate altar of the Wu Jian Council.
  2009 | D:3      | Fell from the grace of Uskayaw
  2009 | D:3      | Became a worshipper of the Wu Jian Council
  2027 | D:3      | Identified the +3 hand axe "Naikeps" {vamp, Fragile Str+6
                  | Int+4}
  2329 | D:3      | Reached skill level 1 in Conjurations
  2329 | D:3      | Reached skill level 1 in Hexes
  2329 | D:3      | Reached skill level 1 in Summonings
  2329 | D:3      | Reached skill level 1 in Necromancy
  2329 | D:3      | Reached skill level 1 in Translocations
  2329 | D:3      | Reached skill level 1 in Transmutations
  2329 | D:3      | Reached skill level 1 in Fire Magic
  2329 | D:3      | Reached skill level 1 in Ice Magic
  2329 | D:3      | Reached skill level 1 in Air Magic
  2329 | D:3      | Reached skill level 1 in Earth Magic
  2329 | D:3      | Reached skill level 1 in Poison Magic
  2774 | D:4      | Found a staircase to the Ecumenical Temple.
  2814 | D:4      | Reached XP level 5. HP: 32/43 MP: 6/6
  3049 | D:4      | Found a basalt altar of Yredelemnul.
  3452 | D:4      | Reached XP level 6. HP: 46/50 MP: 8/8
  3621 | Temple   | Entered the Ecumenical Temple
  3817 | D:5      | Entered Level 5 of the Dungeon
  3817 | D:5      | Found a shimmering blue altar of Sif Muna.
  3898 | D:5      | Reached skill level 5 in Fighting
  3978 | D:5      | Found a sand-covered staircase.
  3989 | D:5      | Reached XP level 7. HP: 56/56 MP: 10/10
  3991 | Ossuary  | Entered an ossuary
  3999 | Ossuary  | Reached * piety under Wu Jian
  4016 | Ossuary  | Paralysed by the fury of Uskayaw for 2 turns
  4619 | D:5      | Reached XP level 8. HP: 56/63 MP: 12/12
  5320 | D:5      | Reached ** piety under Wu Jian
  5412 | D:6      | Noticed Duvessa
  5415 | D:6      | Noticed Dowan
  5418 | D:6      | Paralysed by the fury of Uskayaw for 2 turns
  5426 | D:6      | Killed Dowan
  5436 | D:6      | Mangled by Duvessa

Illustrated notes

Levels and vault maps discovered:
D:1:      scummos_arrival_simple_fountains, layout_rooms,
          nicolae_ecumenical_snake_handling, minmay_pentomino_p2
D:2:      layout_basic
D:3:      layout_basic, mainiacjoe_overflow_six_doors_small,
          serial_bayou_lagoon_a
D:4:      layout_cave_pods, yredelemnul_altar_generic,
          minmay_temple_entry_statues
D:5:      layout_cave_pools, nicolae_sif_muna_condensation,
          nicolae_ossuary_entry_catacombs
D:6:      layout_rooms, serial_shops, kennysheep_mini, uniq_maggie, uniq_duvessa
Temple:   regret_index_temple_waves

Skill      XL: |  1  2  3  4  5  6  7  8 |
---------------+-------------------------+-----
Invocations    | 1 2 3 |  3.8
Short Blades   | 1 2 3 |  3.4
Long Blades    | 1 2 3 |  3.4
Axes           | 1 2 3 |  3.4
Maces & Flails | 1 2 3 |  3.4
Staves         | 1 2 3 |  3.4
Slings         | 1 2 3 |  3.4
Bows           | 1 2 3 |  3.4
Crossbows      | 1 2 3 |  3.4
Throwing       | 1 2 3 |  3.4
Stealth        | 1 2 3 |  3.4
Shields        | 1 2 3 |  3.4
Spellcasting   | 1 2 3 |  3.4
Evocations     | 1 2 3 |  3.4
Conjurations   | 1 2 |  2.8
Hexes          | 1 2 |  2.8
Summonings     | 1 2 |  2.8
Necromancy     | 1 2 |  2.8
Translocations | 1 2 |  2.8
Transmutations | 1 2 |  2.8
Fire Magic     | 1 2 |  2.8
Ice Magic      | 1 2 |  2.8
Air Magic      | 1 2 |  2.8
Earth Magic    | 1 2 |  2.8
Poison Magic   | 1 2 |  2.8
Armour         | 3 4 |  4.4
Unarmed Combat | 3 4 |  4.4
Fighting       | 5 |  5.8
Polearms       | 7 |  7.5
Dodging        | 7 |  7.5

Action                   |  1- 3 |  4- 6 |  7- 9 || total
-------------------------+-------+-------+-------++-------
Melee: Trident           |   100 |    12 |       ||   112
       Bite              |     7 |    12 |    28 ||    47
       Hand axe          |       |   160 |   206 ||   366
       Punch             |       |     1 |     3 ||     4
       Halberd           |       |       |    12 ||    12
Invok: Lunge             |       |     7 |     7 ||    14
       Whirlwind         |       |       |    13 ||    13
  Use: Scroll            |       |     4 |     2 ||     6
       Potion            |       |       |     2 ||     2
 Stab: Sleeping          |     1 |     2 |     3 ||     6
Armor: Leather armour    |     4 |       |       ||     4
       Ring mail         |    18 |    62 |    77 ||   157
       Plate armour      |     1 |       |       ||     1
Dodge: Dodged            |    80 |   130 |   145 ||   355
Block: Other             |       |    17 |    47 ||    64
       Reflection        |       |       |     2 ||     2

Table legend: (Time is in decaauts)
 A = Elapsed time spent in this place.
 B = Non-inter-level travel time spent in this place.
 C = Inter-level travel time spent in this place.
 D = Time resting spent in this place.
 E = Time spent auto-exploring this place.
 F = Levels seen in this place.
 G = Mean time per level.
                   A        B        C        D        E       F      G
               +--------+--------+--------+--------+--------+-----+--------+
         Total |   5507 |   5507 |      0 |    824 |   2756 |   8 |  688.4 |
       Dungeon |   4955 |   4955 |      0 |    675 |   2668 |   6 |  825.8 |
        Temple |    150 |    150 |      0 |      0 |     88 |   1 |  150.0 |
       Ossuary |    401 |    401 |      0 |    149 |      0 |   1 |  401.0 |
               +--------+--------+--------+--------+--------+-----+--------+

Top non-repeatable levels by time:
     D:4: 1255 daAuts
     D:3: 1118 daAuts
     D:1: 997 daAuts
     D:5: 768 daAuts
     D:2: 543 daAuts
 Ossuary: 401 daAuts
     D:6: 272 daAuts
  Temple: 150 daAuts
